 Dungeon Crawl Stone Soup version 0.28.0-49-g6dfe1f597d (webtiles) character file.

Game seed: 13853766950100310885

22395 nickcage the Basher (level 12, -6/97 HPs)
             Began as a Demonspawn Gladiator on May 11, 2022.
             Was an Elder of Qazlal.
             Mangled by a basilisk (11 damage)
             ... on level 4 of the Lair of Beasts.
             The game lasted 00:32:12 (13588 turns).

nickcage the Basher (Demonspawn Gladiator)         Turns: 13588, Time: 00:32:12

Health: -6/97      AC: 24    Str: 22    XL:     12   Next: 62%
Magic:  17/17      EV:  7    Int: 15    God:    Qazlal [****..]
Gold:   691        SH:  5    Dex: 10    Spells: 11/11 levels left

rFire   + . .      SeeInvis .   n - +11 mace of Darkness {spect, rPois rF+ Will+}
rCold   + . .      Faith    +   (no shield)
rNeg    . . .      Spirit   .   y - +1 plate armour
rPois   +          Reflect  .   c - +0 helmet
rElec   .          Harm     .   w - +2 cloak
rCorr   +          Rampage  .   E - +0 pair of gloves
Will    ++...                   (no boots)
Stlth   ..........              C - amulet of Ethics {Faith rPois Int+4}
HPRegen 0.26/turn               A - ring of resist corrosion
MPRegen 0.15/turn               s - ring of Qoedwur {rC+ Will+ Str+4 Dex-5}

@: repel missiles
A: molten scales 2, powered by pain 1, spiny 2, demonic touch 2
a: Renounce Religion, Upheaval, Elemental Force


You were on level 4 of the Lair of Beasts.
You worshipped Qazlal.
Qazlal was greatly pleased with you.
You visited 2 branches of the dungeon, and saw 14 of its levels.
You also visited: Ossuary.

You collected 753 gold pieces.
You spent 62 gold pieces at shops.

Inventory:

Hand Weapons
 a - a +1 flail
 n - the +11 mace of Darkness (weapon) {spect, rPois rF+ Will+}
   (You found it on level 2 of the Dungeon)

   When its wielder attacks, the weapon's spirit leaps out and strikes again.
   The spirit shares a part of any damage it takes with its wielder.
   rF:        It protects you from fire.
   rPois:     It protects you from poison.
   Will:      It increases your willpower.
 U - a +1 great mace of protection
Missiles
 d - 5 throwing nets
 r - 29 poisoned darts (quivered)
Armour
 b - a +0 leather armour
 c - a +0 helmet (worn)
 m - a +0 ring mail
 w - a +2 cloak (worn)
 y - a +1 plate armour (worn)
 B - a +0 cloak
 E - a +0 pair of gloves (worn)
Jewellery
 s - the ring of Qoedwur (right hand) {rC+ Will+ Str+4 Dex-5}
   (You found it in an ossuary)

   [ring of protection from cold]

   Str:       It affects your strength (+4).
   Dex:       It affects your dexterity (-5).
   rC:        It protects you from cold.
   Will:      It increases your willpower.
 A - a ring of resist corrosion (left hand)
 C - the amulet of Ethics (around neck) {Faith rPois Int+4}
   (You found it on level 6 of the Dungeon)

   [amulet of faith]

   It allows you to gain divine favour quickly.
   Int:       It affects your intelligence (+4).
   rPois:     It protects you from poison.
 G - an amulet of guardian spirit
 I - a +6 ring of dexterity
 J - a ring of protection from cold
Wands
 D - a wand of polymorph (19)
 K - a wand of flame (17)
 M - a wand of iceblast (1)
 S - a wand of digging (1)
Scrolls
 f - 4 scrolls of fog
 h - 2 scrolls of torment
 k - 7 scrolls of teleportation
 t - 6 scrolls of vulnerability
 F - a scroll of amnesia
 H - 2 scrolls of enchant weapon
 N - 2 scrolls of magic mapping
 Q - 2 scrolls of identify
 R - a scroll of blinking {unknown}
Potions
 e - 3 potions of haste {unknown}
 g - 6 potions of lignification
 i - a potion of invisibility
 j - 3 potions of brilliance {unknown}
 l - 2 potions of cancellation {unknown}
 o - 2 potions of curing
 p - 3 potions of heal wounds {unknown}
 q - 8 potions of attraction {unknown}
 u - 5 potions of degeneration {unknown}
 v - a potion of magic {unknown}
 x - a potion of flight {unknown}
 z - 2 potions of ambrosia {unknown}
 L - a potion of mutation {unknown}
 P - a potion of experience {unknown}


   Skills:
 + Level 10.2 Fighting
 - Level 14.0 Maces & Flails
 - Level 1.7 Throwing
 + Level 9.0 Armour
 - Level 2.6 Dodging
 - Level 2.2 Shields
 - Level 7.4 Invocations


You had 11 spell levels left.
You didn't know any spells.
Your spell library contained the following spells:

 Spells                   Type           Power      Damage    Failure   Level
 Beastly Appendage        Tmut           0%         N/A       98%         1
 Ensorcelled Hibernation  Hex/Ice        0%         N/A       99%         2
 Passwall                 Tmut/Erth      0%         N/A       99%         2
 Static Discharge         Conj/Air       0%         N/A       99%         2
 Wereblood                Tmut           0%         N/A       99%         2
 Confusing Touch          Hex            0%         N/A       100%        3
 Spider Form              Tmut/Pois      0%         N/A       100%        3
 Stone Arrow              Conj/Erth      0%         3d7       100%        3
 Swiftness                Air            0%         N/A       100%        3
 Teleport Other           Tloc           0%         N/A       100%        3
 Dispel Undead            Necr           0%         3d6       100%        4
 Fulminant Prism          Conj/Hex       0%         3d6       100%        4
 Iskenderun's Mystic Bla  Conj/Tloc      0%         2d3       100%        4
 Passage of Golubria      Tloc           0%         N/A       100%        4
 Sticky Flame             Conj/Fire      0%         2d3       100%        4
 Fireball                 Conj/Fire      0%         3d3       100%        5
 Iskenderun's Battlesphe  Conj           0%         2d6       100%        5
 Lee's Rapid Deconstruct  Erth           0%         3d5*      100%        5
 Silence                  Hex/Air        0%         N/A       100%        5
 Yara's Violent Unravell  Hex/Tmut       0%         3d3       100%        5
 Conjure Ball Lightning   Conj/Air       0%         3x3d6     100%        6
 Statue Form              Tmut/Erth      0%         N/A       100%        6
 Enfeeble                 Hex            0%         N/A       100%        7
 Orb of Destruction       Conj           0%         9d5       100%        7
 Lehudib's Crystal Spear  Conj/Erth      0%         10d2      100%        8


Dungeon Overview and Level Annotations

Branches:
Dungeon (10/15)            Temple (0/1) D:6            Lair (4/6) D:8
  Swamp (0/4) Lair:4        Snake (0/4) Lair:2      Ossuary (visited)
    Orc: D:9-12

Altars:
Ashenzari
Fedhas
Kikubaaqudgha
Makhleb
Okawaru
Qazlal
Xom
Zin

Shops:
D:10 *

Annotations:
D:3 3 runed translucent doors, osoart's ghost, weakling DsMo
D:4 1 runed translucent door, yahweh's ghost, amateur DgFi


Innate Abilities, Weirdness & Mutations

You are mostly covered in molten scales. (AC +3)
You sometimes gain a little power by taking damage.
You are mostly covered in sharp spines.
Your touch may inflict irresistible damage on your foes.


Message History

The elephant barely misses you.
The dream sheep bites you but does no damage.
The elephant tramples your water moccasin!
Your water moccasin stumbles backwards!
Your water moccasin dies!
Your water moccasin's corpse dissolves into shadows!
You barely miss the dream sheep.
You touch the dream sheep.
The dream sheep is almost dead.
Your +11 mace of Darkness {spect, rPois rF+ Will+} hits the dream sheep!
You kill the dream sheep!
Qazlal accepts your kill.
Your surroundings suddenly seem different.
Your Armour skill increases to level 9!
As you read the scroll of magic mapping, it crumbles to dust.
You feel aware of your surroundings.
You sensed 1 shop/portal.
Found a stone staircase leading down.
You hear a trumpeting!
You hear an angry hiss.
You hear a trumpeting!
Found a stone staircase leading up.
The basilisk hisses angrily.
You hear a trumpeting!
You hear a bellow!
You hear a trumpeting!
You hear an angry hiss.
The basilisk gazes at you. You resist with almost no effort.
You hear a bellow!
You hear an angry hiss.
You hear a bellow!
The elephant is engulfed in freezing vapours.
A basilisk comes into view.
The basilisk hisses angrily.
You hear a bellow! x2
The basilisk gazes at you. You resist with almost no effort.
You hear a bellow! x3
The elephant is engulfed in blazing flames.
The dream sheep ruffles its wool and motes of dream dust sparkle, to no effect.
The basilisk gazes at you. You resist with almost no effort.
A catoblepas comes into view.
You hear a bellow!
You hear a trumpeting!
You hear a bellow!
The basilisk is engulfed in freezing vapours.
The basilisk is struck by your spines. The basilisk bites you!
You die...

,******#....##.#######...§§#*#..#
,** ##..#......# ##.§§§##..#*
*,*****#..#.......####.§§§§PP..#.
,,,,,,...#....#..........§§......
,,,,,,......#......##..§§§.......
,,,,,,...........^..........§....
,,<,,,,*#.......☼....#.#####..###
,,,**,**,.#..Y.⌠.Y#..##.⌠.#**##,*
,,,*****,.......@l#Y.......*,,,**
,,,***,+,.....<..○#..+..>.⌠..,,,,
,,***,,,,.#.....^.☼.○#.....#.,,,,
,,**,,,,,,#..⌠.⌠Y#...#*.⌠.##*,,,,
,,,**,,**..#.....#....#..##**,,,,
,,,,,,,,*...........##....,*,,+,*
,,*,,**,*..........##*....***,,**
,,*,,,,,,#.....##..#**,...*,*,,,*
,,,,,,,,**#....,..##,,,..l,,,,,,,


You could see a catoblepas, 2 elephants and a basilisk.

Vanquished Creatures
  2 hydras
  A centaur warrior (D:10)
  5 death yaks
  A death drake (shapeshifter) (D:10)
  2 black mambas (Lair:3)
  3 centaur zombies
  5 cane toads
  A torpor snail (Lair:2)
  A kobold demonologist (D:10)
  6 komodo dragons
  Grinder (D:3)
  A polar bear (Lair:1)
  A slime creature (D:5)
  A merfolk (D:9)
  5 blink frogs (Lair:1)
  Prince Ribbit (D:7)
  4 dream sheep (Lair:4)
  A wraith (D:10)
  A spriggan (Lair:3)
  3 wyverns
  2 basilisks
  16 yaks
  A steam dragon (D:9)
  2 wargs (D:8)
  Menkaure (D:4)
  An acid dragon (D:6)
  7 nagas (Lair:2)
  9 water moccasins
  5 orc warriors
  A sky beast (D:8)
  A hornet zombie (D:9)
  2 black bears
  2 necrophages
  4 ice beasts
  A centaur (D:7)
  A phantom (D:6)
  12 bullfrogs
  3 kobold brigands (D:5)
  3 elf zombies (Ossuary)
  A scorpion (D:4)
  A water moccasin zombie (D:5)
  A killer bee (D:10)
  5 wights (D:9)
  3 howler monkeys (D:7)
  A hound (D:6)
  Crazy Yiuf (D:4)
  6 orc priests
  2 human zombies (Ossuary)
  7 jellies
  2 bullfrog zombies
  A centaur skeleton (D:7)
  A bullfrog skeleton (D:5)
  Jessica (D:2)
  2 iguanas (D:6)
  Natasha (thrice) (D:4)
  12 orc wizards
  A hound zombie (D:4)
  2 mummies (Ossuary)
  A howler monkey zombie (D:7)
  5 adders
  4 gnolls (D:2)
  An adder skeleton (D:4)
  6 dart slugs
  33 orcs
  9 endoplasms
  7 giant cockroaches
  6 goblins
  8 hobgoblins
  9 kobolds
  4 quokkas
  A ball python (D:2)
  3 bats
  A frilled lizard (D:1)
  A goblin zombie (Ossuary)
  9 hobgoblin zombies (Ossuary)
  3 jackal zombies (Ossuary)
  9 kobold zombies (Ossuary)
  8 orc zombies (Ossuary)
  A rat zombie (Ossuary)
  A bush (Lair:3)
303 creatures vanquished.

Vanquished Creatures (others)
  17 fungi
  37 plants
  9 toadstools (D:5)
63 creatures vanquished.

Grand Total: 366 creatures vanquished

Notes
Turn   | Place    | Note
-------+----------+-------------------------------------------
     0 | D:1      | nickcage the Demonspawn Gladiator began the quest for the
                  | Orb.
     0 | D:1      | Reached XP level 1. HP: 16/16 MP: 1/1
   198 | D:1      | Reached skill level 3 in Maces & Flails
   462 | D:1      | Gained mutation: You sometimes gain a little power by
                  | taking damage. [demonic ancestry]
   462 | D:1      | Reached XP level 2. HP: 15/22 MP: 2/2
   941 | D:2      | Reached XP level 3. HP: 27/27 MP: 3/3
   947 | D:2      | Reached skill level 4 in Maces & Flails
  1160 | D:2      | Identified the +11 mace of Darkness {spect, rPois rF+
                  | Will+}
  1299 | D:2      | Noticed Jessica
  1305 | D:2      | Killed Jessica
  1306 | D:2      | Gained mutation: You are partially covered in sharp spines.
                  | [demonic ancestry]
  1306 | D:2      | Reached XP level 4. HP: 20/33 MP: 4/4
  1450 | D:2      | Reached skill level 5 in Maces & Flails
  1782 | D:2      | Found a faded altar of an unknown god.
  2116 | D:3      | Noticed Grinder
  2121 | D:3      | Killed Grinder
  2122 | D:3      | Reached skill level 6 in Maces & Flails
  2122 | D:3      | Reached XP level 5. HP: 33/38 MP: 5/5
  2122 | D:3      | Reached XP level 6. HP: 38/44 MP: 6/6
  2269 | D:3      | Found a runed translucent gate.
  2269 | D:3      | Found a runed translucent gate.
  2271 | D:3      | Found a runed translucent gate.
  2275 | D:3      | Noticed osoart's ghost (weakling DsMo)
  2581 | D:3      | Found a burning altar of Makhleb.
  2581 | D:3      | Noticed an Executioner
  2696 | D:4      | Noticed Natasha
  2704 | D:4      | Killed Natasha
  2757 | D:4      | Noticed Natasha
  2761 | D:4      | Killed Natasha
  2817 | D:4      | Reached skill level 7 in Maces & Flails
  2847 | D:4      | Noticed Natasha
  2851 | D:4      | Killed Natasha
  2951 | D:4      | Noticed Menkaure
  2954 | D:4      | Noticed an ice beast
  2957 | D:4      | Killed Menkaure
  2958 | D:4      | Gained mutation: Your touch may inflict minor irresistible
                  | damage on your foes. [demonic ancestry]
  2958 | D:4      | Reached XP level 7. HP: 20/50 MP: 7/7
  3157 | D:4      | Got the Collected Works on Dislocated Stones
  3251 | D:4      | Found a runed translucent door.
  3274 | D:4      | Reached skill level 8 in Maces & Flails
  3460 | D:4      | Found a runed translucent door.
  3461 | D:4      | Noticed Crazy Yiuf
  3492 | D:4      | Noticed yahweh's ghost (amateur DgFi)
  3942 | D:4      | Killed Crazy Yiuf
  4025 | D:5      | Entered Level 5 of the Dungeon
  4040 | D:5      | Reached skill level 9 in Maces & Flails
  4040 | D:5      | Gained mutation: You are partially covered in molten
                  | scales. (AC +2) [demonic ancestry]
  4040 | D:5      | Reached XP level 8. HP: 46/56 MP: 8/8
  4316 | D:5      | Identified the +1 robe of Xuetwy {Harm Drain rN+ Int+4}
  4334 | D:5      | Reached skill level 10 in Maces & Flails
  4492 | D:5      | Identified the +1 flail of Annoyance {vamp, Str-5 Int+5}
  4848 | D:5      | Noticed a slime creature
  4851 | D:5      | Reached skill level 11 in Maces & Flails
  4859 | D:5      | Gained mutation: You are mostly covered in sharp spines.
                  | [demonic ancestry]
  4859 | D:5      | Reached XP level 9. HP: 52/61 MP: 9/9
  4985 | D:5      | Found a blossoming altar of Fedhas.
  4986 | D:5      | Found an ancient bone altar of Kikubaaqudgha.
  5035 | D:5      | Found a stormy altar of Qazlal.
  5042 | D:5      | Became a worshipper of Qazlal Stormbringer
  5289 | D:6      | Found a broken altar of Ashenzari.
  5296 | D:6      | Found an iron altar of Okawaru.
  5296 | D:6      | Found a staircase to the Ecumenical Temple.
  5425 | D:6      | Reached skill level 12 in Maces & Flails
  5638 | D:6      | Identified the amulet of Ethics {Faith rPois Int+4}
  6062 | D:7      | Reached * piety under Qazlal
  6104 | D:7      | Noticed Prince Ribbit
  6111 | D:7      | Killed Prince Ribbit
  6112 | D:7      | Reached skill level 13 in Maces & Flails
  6359 | D:8      | Found a sand-covered staircase.
  6375 | Ossuary  | Entered an ossuary
  6581 | Ossuary  | Reached ** piety under Qazlal
  6594 | Ossuary  | Gained mutation: You are mostly covered in molten scales.
                  | (AC +3) [demonic ancestry]
  6594 | Ossuary  | Reached XP level 10. HP: 67/67 MP: 10/10
  6694 | Ossuary  | Identified the ring of Qoedwur {rC+ Will+ Str+4 Dex-5}
  6740 | D:8      | Found a shimmering altar of Xom.
  6742 | D:8      | Found a shimmering altar of Xom.
  7203 | D:8      | Found a staircase to the Lair.
  7262 | D:8      | Reached *** piety under Qazlal
  7263 | D:8      | Reached skill level 14 in Maces & Flails
  7263 | D:8      | Reached skill level 1 in Shields
  8188 | D:9      | Reached skill level 1 in Invocations
  9213 | D:10     | Entered Level 10 of the Dungeon
  9231 | D:10     | Found Eseci's Assorted Antiques.
  9234 | D:10     | Bought a scroll labelled RAT ILICVONUNY for 31 gold pieces
  9234 | D:10     | Bought a scroll labelled EKEOZU TUIHU for 31 gold pieces
  9290 | D:10     | Noticed a death drake
  9295 | D:10     | Killed a death drake
  9296 | D:10     | Reached skill level 5 in Invocations
  9600 | D:10     | Noticed an orange demon
  9603 | D:10     | Noticed a centaur warrior
  9607 | D:10     | Noticed a manticore
  9611 | D:10     | Killed a centaur warrior
  9612 | D:10     | Reached skill level 5 in Fighting
  9940 | Lair:1   | Entered Level 1 of the Lair of Beasts
  9946 | Lair:1   | Gained mutation: Your touch may inflict irresistible damage
                  | on your foes. [demonic ancestry]
  9946 | Lair:1   | Reached XP level 11. HP: 80/80 MP: 16/16
 10299 | Lair:1   | Noticed a six-headed hydra
 10309 | Lair:1   | Killed a six-headed hydra
 10310 | Lair:1   | Reached skill level 1 in Armour
 11078 | Lair:2   | Reached **** piety under Qazlal
 11393 | Lair:2   | Reached skill level 5 in Armour
 11836 | Lair:2   | Found a staircase to the Snake Pit.
 12143 | Lair:3   | Noticed a death yak
 12144 | Lair:3   | Noticed a death yak
 12145 | Lair:3   | Noticed a death yak
 12149 | Lair:3   | Killed a death yak
 12158 | Lair:3   | Killed a death yak
 12160 | Lair:3   | Killed a death yak
 12164 | Lair:3   | Reached XP level 12. HP: 59/94 MP: 17/17
 12328 | Lair:3   | Noticed a five-headed hydra
 12353 | Lair:3   | Killed a five-headed hydra
 12949 | Lair:3   | Noticed a death yak
 12970 | Lair:3   | Killed a death yak
 13498 | Lair:4   | Noticed a death yak
 13501 | Lair:4   | Noticed a death yak
 13502 | Lair:4   | Noticed a death yak
 13507 | Lair:4   | Noticed a death yak
 13532 | Lair:4   | Killed a death yak
 13550 | Lair:4   | Reached skill level 10 in Fighting
 13566 | Lair:4   | HP: 4/97 [elephant (9)]
 13570 | Lair:4   | Found a staircase to the Swamp.
 13571 | Lair:4   | HP: 3/97 [elephant (2)]
 13572 | Lair:4   | HP: 1/97 [dream sheep (2)]
 13587 | Lair:4   | Noticed a catoblepas
 13588 | Lair:4   | Mangled by a basilisk

Illustrated notes

Levels and vault maps discovered:
D:1:      minmay_arrival_glassed_features, layout_loops_ring, minmay_liquid_box
D:2:      layout_loops_corners, serial_bayou, serial_bayou_pond_a,
          serial_bayou_lagoon_a, serial_bayou_lagoon_b, serial_bayou_shore_b,
          chequers_ecumenical_altar_island, minivault_23,
          kennysheep_jessica_study
D:3:      layout_loops_cross, makhleb_altar_promises_db,
          gammafunk_ghost_nasty_kobolds, minivault_19, uniq_grinder
D:4:      layout_basic, gammafunk_ghost_grave, uniq_natasha, uniq_menkaure,
          uniq_crazy_yiuf_cottage
D:5:      cheibrodos_fertilizer, layout_loops_ring,
          grunt_temple_overflow_growth_and_decay,
          nicolae_qazlal_eye_of_the_storm, chequers_serial_rivers_micro_e,
          st_stairs_14
D:6:      layout_rooms, okawaru_trees_1, mainiacjoe_overflow_surrounded_room,
          minmay_temple_entry_overgrown
D:7:      layout_cave_pools, uniq_prince_ribbit1
D:8:      layout_basic, xom_redecorated, mainiacjoe_overflow_cross_hatched,
          erik_lair_orcish_takeover, enter_ossuary_1, minivault_19,
          corexii_leaking_fountain
D:9:      layout_stronghold, hangedman_fish_farm
D:10:     minmay_the_grid_4x2 [minmay_the_grid_x, minmay_the_grid_armoury,
          minmay_the_grid_tri_star, minmay_the_grid_odd_star,
          minmay_the_grid_large_cup, minmay_the_grid_minigrid_small,
          minmay_the_grid_minigrid_large,
          minmay_the_grid_prize_shrinking_boxes], layout_cave_pools,
          lemuel_blue_sif_altar, serial_shops, kennysheep_mini_moat
Lair:1:   layout_cave_pods, grunt_megastairs_1
Lair:2:   layout_regular_city, minmay_snake_entry_guardpost_medium,
          infiniplex_staircase_pool
Lair:3:   layout_regular_city, grunt_forest_large_clearing_hut
Lair:4:   layout_regular_city, swamp_mist, portal_ice_cave_rime, minivault_24,
          nicolae_lair_lindhole, serial_bayou_shore_b, lemuel_fruit_tree,
          grunt_megastairs_2

Skill      XL: |  1  2  3  4  5  6  7  8  9 10 11 12 |
---------------+-------------------------------------+-----
Maces & Flails | 3 4 6 7 9 11 13 14 | 14.0
Shields        | 2 |  2.2
Invocations    | 6 7 |  7.4
Fighting       | 5 8 10 | 10.2
Armour         | 6 9 |  9.0
Throwing       | |  1.7
Dodging        | |  2.6

Action                   |  1- 3 |  4- 6 |  7- 9 | 10-12 || total
-------------------------+-------+-------+-------+-------++-------
Melee: Flail             |    65 |       |       |       ||    65
       Mace              |     8 |    41 |   181 |   323 ||   553
       Touch             |       |       |    35 |    61 ||    96
       Punch             |       |       |     1 |     4 ||     5
Throw: Dart              |       |       |       |     4 ||     4
Invok: Upheaval          |       |       |       |     2 ||     2
  Use: Scroll            |       |       |     9 |    10 ||    19
       Potion            |       |       |       |     2 ||     2
 Stab: Sleeping          |     2 |       |       |       ||     2
       Distracted        |       |       |       |     3 ||     3
Armor: Leather armour    |    19 |       |       |       ||    19
       Ring mail         |     5 |     6 |    35 |       ||    46
       Plate armour      |       |       |    32 |   146 ||   178
Dodge: Dodged            |    41 |    14 |    75 |    55 ||   185
Block: Other             |       |       |       |    48 ||    48
